 Dungeon Crawl Stone Soup version 0.22-a0-458-gb446440 (webtiles) character file.

94 xccam the Ruffian (level 4, -9/35 HPs)
             Began as a Draconian Transmuter on June 8, 2018.
             Mangled by an iguana (15 damage)
             ... on level 3 of the Dungeon.
             The game lasted 00:04:23 (2197 turns).

xccam the Ruffian (Draconian Transmuter)            Turns: 2197, Time: 00:04:23

Health: -9/35      AC:  6    Str: 13    XL:     4   Next: 38%
Magic:  6/7        EV: 12    Int: 13    God:
Gold:   142        SH:  0    Dex: 12    Spells: 6/7 levels left

rFire    . . .     SeeInvis .     - Unarmed
rCold    . . .     Gourm    .   (no shield)
rNeg     . . .     Faith    .   (armour unavailable)
rPois    .         Spirit   .   (helmet restricted)
rElec    .         Reflect  .   (no cloak)
rCorr    .         Harm     .   g - +0 pair of gloves
MR       +....                  (no boots)
Stlth    +.........             (no amulet)
HPRegen  0.11/turn              f - ring of protection from magic
MPRegen  0.10/turn              (no ring)

@: appendage (expiring)
A: unfitting armour, horns 2, cold-blooded, AC +5
a: End Transformation


You were on level 3 of the Dungeon.
You were very hungry.
You had grown temporary horns.
You visited 1 branch of the dungeon, and saw 4 of its levels.

You collected 142 gold pieces.

Inventory:

Missiles
 a - 42 arrows
Armour
 g - a +0 pair of gloves (worn)
Jewellery
 f - a ring of protection from magic (left hand)
Scrolls
 b - 2 scrolls of identify {unknown}
 d - 7 scrolls of remove curse {unknown}
 h - 2 scrolls of teleportation {unknown}
 i - a scroll of amnesia {unknown}
 l - a scroll of enchant weapon {unknown}
Potions
 e - a potion of invisibility {unknown}
 j - a potion of brilliance {unknown}
Comestibles
 c - 3 rations


   Skills:
 - Level 1.1 Fighting
 - Level 1.7 Dodging
 + Level 5.2 Unarmed Combat
 - Level 2.0 Spellcasting
 - Level 2.0 Transmutations


You had 6 spell levels left.
You knew the following spells:

 Your Spells              Type           Power        Failure   Level  Hunger
a - Beastly Appendage     Tmut           #.....       11%         1    ##.....

Your spell library contained the following spells:

 Spells                   Type           Power        Failure   Level  Hunger
 Spider Form              Tmut/Pois      #.........   45%         3    ####...
 Blade Hands              Tmut           #.........   97%         5    ######.
 Ice Form                 Ice/Tmut       #.......     86%         4    #####..
 Sticks to Snakes         Tmut           #.......     17%         2    ###....


Dungeon Overview and Level Annotations

Branches:
Dungeon (4/15)
 Temple: D:4-7

Altars:
Makhleb
Zin


Innate Abilities, Weirdness & Mutations

Your plain brown scales are hard. (AC +5)
You cannot fit into any form of body armour.
You are cold-blooded and may be slowed by cold attacks.
You have a pair of horns on your head.


Message History

Your transformation is almost over.
The iguana misses you.
You hit the iguana.
You headbutt the iguana, but do no damage.
The iguana is lightly wounded.
The iguana bites you.
You hit the iguana.
The iguana is moderately wounded.
The iguana completely misses you.
You punch the iguana! Your headbutt misses the iguana.
The iguana is severely wounded.
The iguana bites you.
You hit the iguana but do no damage. Your headbutt misses the iguana.
The iguana is severely wounded.
The iguana bites you!
* * * LOW HITPOINT WARNING * * *
You closely miss the iguana.
Your tail-slap misses the iguana.
The iguana is severely wounded.
The iguana bites you!
You die...

###.....# #.....# #..) #.......#
#.....# ###. #.##.##.# ###.#####
#. #.##..).# #.....# #.
#.#####.#########.# #.
#.###....).....##.# #. ########
#.......##......#.###. .......#
#####.#.##)..<...#....
..##...#########@#.....).....####
..#......(.....#l#.##.......## #
.......#######.#.#.##....(.## #
..###..# #.#..........## #
.......# #.########.(.# #
#......# #.# #...# # ######## #.#
#...# ######.## #...# #
#########.......# #...# #


You could see an iguana.

Vanquished Creatures
  Ijyb (D:2)
  2 gnolls (D:4)
  An adder (D:2)
  4 orcs
  5 bats
  2 giant cockroaches (D:2)
  3 goblins
  4 hobgoblins
  2 frilled lizards
  6 kobolds
  A leopard gecko zombie (D:2)
  A quokka skeleton (D:2)
  5 rats
37 creatures vanquished.

Notes
Turn   | Place    | Note
-------+----------+-------------------------------------------
     0 | D:1      | xccam the Draconian Transmuter began the quest for the Orb.
     0 | D:1      | Reached XP level 1. HP: 16/16 MP: 3/3
   140 | D:1      | Reached XP level 2. HP: 5/23 MP: 3/5
   722 | D:2      | Reached skill level 4 in Unarmed Combat
   772 | D:2      | Reached XP level 3. HP: 28/28 MP: 6/6
  1052 | D:2      | Found a glowing silver altar of Zin.
  1052 | D:2      | Found a burning altar of Makhleb.
  1053 | D:2      | Noticed a blizzard demon
  1053 | D:2      | Noticed an angel
  1310 | D:3      | Noticed Ijyb
  1349 | D:2      | Killed Ijyb
  1708 | D:3      | Reached XP level 4. HP: 29/35 MP: 7/7
  1748 | D:3      | Reached skill level 5 in Unarmed Combat
  2197 | D:3      | Mangled by an iguana

Vault maps used:
D:1:      mainiacjoe_arrival_reflecting_pool
D:2:      grunt_temple_overflow_order_and_chaos_2, serial_undead,
          serial_undead_c, serial_undead_f, serial_undead_a, serial_undead_c,
          kennysheep_generic_room_10
D:3:      kennysheep_generic_room_13, uniq_ijyb
D:4:      grunt_temple_overflow_open, first_ration, uniq_grinder

Skill      XL: |  1  2  3  4 |
---------------+-------------+-----
Unarmed Combat | 4 5 |  5.2
Fighting       | |  1.1
Dodging        | |  1.7
Spellcasting   | |  2.0
Transmutations | |  2.0

Action                   |  1- 3 |  4- 6 || total
-------------------------+-------+-------++-------
Melee: Unarmed           |   113 |    39 ||   152
       Headbutt          |     5 |     2 ||     7
       Tailslap          |    10 |     3 ||    13
       Kick              |     2 |       ||     2
 Cast: Beastly Appendage |     3 |     2 ||     5
  Use: Scroll            |     1 |       ||     1
 Stab: Sleeping          |     3 |       ||     3
  Eat: Chunk             |     2 |     1 ||     3
Armor: Skin              |    44 |    11 ||    55
Dodge: Dodged            |   113 |    31 ||   144

Table legend:
 A = Spawn XP
 B = Non-spawn XP
 C = Spawn XP percentage of total XP
 D = Spawn monster count
 E = Non-spawn monster count
 F = Spawn count percentage of total count
 G = Total turns spent on level
                    A         B        C        D         E        F      G
               +---------+---------+-------+---------+---------+-------+---------
         Total |       0 |     135 |   0.0 |       0 |      37 |   0.0 |  2197
               +---------+---------+-------+---------+---------+-------+---------
           D:1 |       0 |      22 |   0.0 |       0 |      15 |   0.0 |   644
           D:2 |       0 |      70 |   0.0 |       0 |      14 |   0.0 |   909
           D:3 |       0 |      13 |   0.0 |       0 |       6 |   0.0 |   618
           D:4 |       0 |      30 |   0.0 |       0 |       2 |   0.0 |    26
               +---------+---------+-------+---------+---------+-------+---------
